 Dungeon Crawl Stone Soup version 0.31-a0-1388-g4b2ba238e7 (webtiles) character file.

Game seed: 6226380320171091820

228 BigPumpCobain the Ruffian (level 5, -2/75 HPs)
             Began as a Troll Shapeshifter on Dec 25, 2023.
             Incinerated by a bombardier beetle (4 damage)
             ... with a burning spray
             ... on level 3 of the Dungeon.
             The game lasted 00:02:29 (2049 turns).

BigPumpCobain the Ruffian (Troll Shapeshifter)      Turns: 2049, Time: 00:02:30

Health: -2/75      AC: 22    Str: 24    XL:     5   Next: 70%
Magic:  4/4        EV:  1    Int:  6    God:
Gold:   189        SH:  0    Dex:  9    Spells: 4/4 levels left

rFire   . .          .
                       - Unarmed
rCold   . . .        (no shield)
rNeg    . . .        a - melded +0 animal skin
rPois   +            (helmet currently unavailable)
rElec   .            (cloak currently unavailable)
rCorr   .            (gloves unavailable)
SInv    .            (boots unavailable)
Will    .....        (no amulet)
Stlth   +            (no ring)
HPRegen 1.12/turn    (no ring)
MPRegen 0.09/turn

%: no passive effects
@: on fire, tree-form, glowing
A: stationary, stasis, torment immunity, boosted hp, large, unfitting armour,
(claws 3), regeneration 1, (shaggy fur 1), (tough skin 1)
a: no special abilities


You were on level 3 of the Dungeon.
You were a tree.
You visited 1 branch of the dungeon, and saw 3 of its levels.

You collected 189 gold pieces.

Inventory:

Armour
 a - a +0 animal skin (melded)
Jewellery
 e - an amulet of reflection
 k - a ring of protection from cold
Talismans
 c - a beast talisman
 d - a flux talisman
 q - a maw talisman
Scrolls
 f - 3 scrolls of teleportation {unknown}
 g - a scroll of revelation {unknown}
 h - a scroll of torment {unknown}
 j - a scroll of blinking {unknown}
 n - a scroll of immolation {unknown}
 o - 2 scrolls of poison {unknown}
 s - 2 scrolls of identify {unknown}
Potions
 b - a potion of lignification
 i - a potion of enlightenment {unknown}
 l - a potion of brilliance {unknown}
 m - a potion of resistance {unknown}
 p - a potion of curing {unknown}
 r - a potion of might {unknown}


   Skills:
 + Level 2.7 Fighting
 - Level 1.5 Dodging
 + Level 4.4 Unarmed Combat
 + Level 4.2 Shapeshifting


You had 4 spell levels left.
You didn't know any spells.
Your spell library contained the following spells:

 Spells                   Type           Power      Damage    Failure   Level
 Summon Guardian Golem    Hex/Summ       0%         N/A       83%         3
 Orb of Destruction       Conj           0%         9d5       100%        7
 Spellforged Servitor     Conj/Summ      0%         N/A       100%        7


Dungeon Overview and Level Annotations

Branches:
Dungeon (3/15)

Altars:

Shops:
D:2 *


Innate Abilities, Weirdness & Mutations

You are a tree.
Your roots penetrate the ground, keeping you stationary.
You cannot be teleported.
You are immune to unholy pain and torment.
Your maximum health is greatly increased.
Your equipment is partially melded.
You are too large for most types of armour.
((You have claws for hands.))
Your natural rate of healing is unusually fast.
((You are covered in fur. (AC +1)))
((You have tough skin. (AC +1)))


Message History

The liquid fire burns you!
The bombardier beetle barely misses you.
You swing at nothing.
The liquid fire burns you!
You swing at nothing.
The liquid fire burns you!
The bombardier beetle bites you but does no damage.
You swing at nothing.
The liquid fire burns you!
* * * LOW HITPOINT WARNING * * *
You swing at nothing.
The liquid fire burns you!
* * * LOW HITPOINT WARNING * * *
The bombardier beetle barely misses you.
You swing at nothing.
The liquid fire burns you!
* * * LOW HITPOINT WARNING * * *
You swing at nothing.
The liquid fire burns you!
* * * LOW HITPOINT WARNING * * *
The bombardier beetle closely misses you.
Your transformation has ended.
You turn into a tree.
Your +0 animal skin melds into your body.
Your roots penetrate the ground.
The liquid fire burns you!
* * * LOW HITPOINT WARNING * * *
You closely miss the bombardier beetle. You punch the bombardier beetle.
The bombardier beetle is lightly wounded.
The liquid fire burns you!
* * * LOW HITPOINT WARNING * * *
The bombardier beetle bites you but does no damage.
You hit the bombardier beetle.
The bombardier beetle is moderately wounded.
The liquid fire burns you!
* * * LOW HITPOINT WARNING * * *
You smack the bombardier beetle!
The bombardier beetle is severely wounded.
The liquid fire burns you!
You die...

#............ ....
##..#..##.#.##.....
...........#.##...##
......#....†.........
####...............#
#.....#..#.##.###
...................
.#####....#.##B#...
##......)♣#
##+##....#.####
................
.....8.#)#.#####
.8.8.....#.#
............
#............
............##
#..##..#.#.##


You could see a bombardier beetle.

Vanquished Creatures
  An iguana (D:3)
  An orc priest (D:3)
  8 adders
  A worm (D:2)
  9 orcs (D:3)
  7 endoplasms
  3 giant cockroaches
  9 goblins
  4 hobgoblins
  13 jackals
  9 kobolds
  2 quokkas
  4 ball pythons
  5 bats
  A frilled lizard (D:2)
  2 rats
79 creatures vanquished.

Notes
Turn   | Place    | Note
-------+----------+-------------------------------------------
     0 | D:1      | BigPumpCobain the Troll Shapeshifter began the quest for
                  | the Orb.
     0 | D:1      | Reached XP level 1. HP: 18/18 MP: 0/0
    64 | D:1      | Reached skill level 1 in Fighting
    98 | D:1      | Reached XP level 2. HP: 27/27 MP: 1/1
   409 | D:1      | Reached XP level 3. HP: 33/33 MP: 2/2
  1123 | D:2      | Reached XP level 4. HP: 40/42 MP: 3/3
  1432 | D:2      | Found Ovaghan's Assorted Antiques.
  1912 | D:3      | Reached XP level 5. HP: 44/50 MP: 4/4
  2047 | D:3      | HP: 2/75 [burnt (3)]
  2049 | D:3      | Incinerated by a bombardier beetle

Illustrated notes

Levels and vault maps discovered:
D:1:      onia_arrival_mini_maze_b, layout_rooms, chequers_decorated_corner,
          hex_tiny, moated_statue, hex_medium, serial_bayou_ford_a,
          grunt_decor_clamped, serial_park_tiny_1
D:2:      layout_basic, serial_shops, shop, minmay_misc_feat_diagonals,
          minmay_pentomino_z2
D:3:      layout_basic, grunt_temple_overflow_holy_war, zin_statuary

Skill      XL: |  1  2  3  4  5 |
---------------+----------------+-----
Fighting       | 1 2 |  2.7
Unarmed Combat | 4 |  4.4
Shapeshifting  | 4 |  4.2
Dodging        | |  1.5

Action                     |  1- 3 |  4- 6 || total
---------------------------+-------+-------++-------
  Melee: Unarmed           |    94 |    76 ||   170
         Punch             |     1 |     2 ||     3
    Use: Potion            |       |     1 ||     1
   Stab: Sleeping          |       |     1 ||     1
 Armour: Animal skin       |    67 |    43 ||   110
         Skin              |       |     1 ||     1
  Dodge: Dodged            |    43 |    32 ||    75

Table legend: (Time is in decaauts)
 A = Elapsed time spent in this place.
 B = Non-inter-level travel time spent in this place.
 C = Inter-level travel time spent in this place.
 D = Time resting spent in this place.
 E = Time spent auto-exploring this place.
 F = Levels seen in this place.
 G = Mean time per level.
                   A        B        C        D        E       F      G
               +--------+--------+--------+--------+--------+-----+--------+
         Total |   2034 |   1917 |    117 |      0 |   1533 |   3 |  678.0 |
       Dungeon |   2034 |   1917 |    117 |      0 |   1533 |   3 |  678.0 |
               +--------+--------+--------+--------+--------+-----+--------+

Top non-repeatable levels by time:
     D:2: 1062 daAuts
     D:1: 719 daAuts
     D:3: 253 daAuts
